Cogmind - Beta 16 @@@ ROGUE MODE // 2026.01.15 @ 11:55:37 Player: Singularius Result: Destroyed by X-77 Beamer with Gatling Laser Performance ------------- Evolutions (5) 2500 Regions Visited (13) 2600 Robots Destroyed (101) 505 Value Destroyed (3827) 3827 Prototype IDs (32) 640 Alien Tech Used (0) 0 Bonus (1527) 1527 TOTAL SCORE: 11599 Bonus ------- High Alert Combat Kills 79 Follower Combat Kills 490 Entered Garrisons 200 Used RIF Installer 500 Met Data Miner 300 Friendly Fire -42 Cogmind --------- Core Integrity 0/1000 Matter 110/300 Energy 100/100 System Corruption 21% Temperature Cool (45) Movement Core (1450) Ox28 Location -5/Factory Parts ------- > --- POWER (2) -------- (None) > --- PROPULSION (5) --- (None) > --- UTILITY (7) ------ Improved Heat Sink Huge Storage Unit Advanced Signal Interpreter Improved Target Analyzer Advanced Transmission Jammer Gun Armor > --- WEAPON (3) ------- (None) > --- INVENTORY (25) --- Fission Core Light Fission Core Fusion Compressor Large Storage Unit Improved Sensor Array Advanced Signal Interpreter Seismic Detector Advanced Recoil Stabilizer Improved Weapon Cycler Makeshift Thermal Plating High-powered Shock Rifle Long-range Proton Cannon Disruptor Cannon Gauss Rifle Ripper Peak State ------------ > --- POWER ------------ Angular Momentum Engine F-cell Engine > --- PROPULSION ------- Medium Treads Medium Treads Improved Medium Treads Heavy Treads > --- UTILITY ---------- Huge Storage Unit Advanced Signal Interpreter Advanced Weapon Cycler Advanced Transmission Jammer Gun Armor Medium Reactive Plating Force Field > --- WEAPON ----------- Advanced Plasma Cannon Heavy Flak Cannon Mass Driver > --- INVENTORY -------- Angular Momentum Engine Fission Core Light Fission Core Fusion Compressor Antimatter Reactor Improved Heat Sink Advanced Heat Sink Large Storage Unit Improved Sensor Array Advanced Signal Interpreter Seismic Detector Improved Target Analyzer Recoil Stabilizer Advanced Recoil Stabilizer Improved Weapon Cycler Makeshift Thermal Plating High-powered Shock Rifle Variable Charge Gun Variable Charge Gun Long-range Proton Cannon Disruptor Cannon Gauss Rifle Coil Gun Gauss Cannon Ripper [Rating: 103] Favorites ----------- Power Angular Momentum Engine Engine Angular Momentum Engine Reactor Antimatter Reactor Propulsion Armored Treads Treads Armored Treads Leg Aluminum Leg Wheel Wheel Hover Unit Antigrav System Utility Gun Armor Device Seismic Detector Storage Large Storage Unit Processor Improved Signal Interpreter Protection Gun Armor Weapon Improved Medium Laser Energy Gun Improved Medium Laser Energy Cannon Subdweller Beam Cannon Ballistic Gun Gauss Rifle Ballistic Cannon Slug Cannon Launcher Grenade Launcher Build | -11 -10 -10 -8 -7 -7 -7 -7 -6 -6 -6 -6 -5 -5 ------- Run | Yrd Mat Sub Mat Fac Was Fac Gar Fac Low Low Dat Pro Fac Slots Evolved 10 | . . . 4 2 . . . 2 . . . . 2 Power 1 | . . . . . . . . . . . . . 1 Propulsion 3 | . . . 2 . . . . 1 . . . . . Utility 5 | . . . 2 1 . . . 1 . . . . 1 Weapon 1 | . . . . 1 . . . . . . . . . Parts Attached 98 | 7 5 14 24 7 4 3 7 3 1 7 . 1 15 Power 12 | 1 . 3 2 1 2 . 1 . . . . . 2 Engine 10 | 1 . 3 2 1 1 . 1 . . . . . 1 Core . | . . . . . . . . . . . . . . Reactor 2 | . . . . . 1 . . . . . . . 1 Propulsion 23 | 2 . 4 7 1 1 1 . . 1 3 . . 3 Treads 15 | 2 . . 6 1 1 1 . . 1 3 . . . Leg 5 | . . 4 1 . . . . . . . . . . Wheel 1 | . . . . . . . . . . . . . 1 Hover 2 | . . . . . . . . . . . . . 2 Flight . | . . . . . . . . . . . . . . Utility 28 | 2 2 2 6 2 . 2 4 3 . 1 . 1 3 Device 13 | 1 1 . 1 2 . 1 3 2 . . . 1 1 Storage 3 | 1 1 . . . . 1 . . . . . . . Processor 3 | . . . . . . . . 1 . . . . 2 Hackware . | . . . . . . . . . . . . . . Protection 9 | . . 2 5 . . . 1 . . 1 . . . Artifact . | . . . . . . . . . . . . . . Weapon 35 | 2 3 5 9 3 1 . 2 . . 3 . . 7 Energy Gun 16 | 2 2 3 3 1 . . 1 . . 2 . . 2 Energy Cannon 6 | . . 1 2 . . . 1 . . . . . 2 Ballistic Gun 7 | . . 1 4 1 . . . . . . . . 1 Ballistic Cannon 5 | . . . . 1 1 . . . . 1 . . 2 Launcher 1 | . 1 . . . . . . . . . . . . Special Weapon . | . . . . . . . . . . . . . . Impact Weapon . | . . . . . . . . . . . . . . Slashing Weapon . | . . . . . . . . . . . . . . Piercing Weapon . | . . . . . . . . . . . . . . Special Melee Weapon . | . . . . . . . . . . . . . . Unidentified Prototypes 5 | . 1 . 3 . 1 . . . . . . . . Corrupted Parts 1 | . . . . . . . . . . . . . 1 System Corruption 2 | . . . . . . . . . . . . . 2 Parts Lost 32 | . . 5 . . . 1 2 1 . 4 . 1 18 Power 5 | . . 2 . . . . . . . . . . 3 Propulsion 12 | . . 2 . . . . . 1 . 3 . . 6 Utility 7 | . . 1 . . . . . . . 1 . 1 4 Weapon 8 | . . . . . . 1 2 . . . . . 5 Highest Loss Streak 12 | . . 2 . . . 1 1 1 . 3 . 1 12 To Critical Strikes 1 | . . . . . . . . . . . . . 1 Average Backups 14 | 2 11 11 12 12 11 11 13 20 23 21 22 22 23 Power 2 | . 1 . 1 1 1 1 2 4 5 5 5 5 4 Propulsion 1 | 1 3 2 . 2 3 3 4 3 3 . . . . Utility 4 | . . 2 3 5 4 3 4 7 9 9 9 9 10 Weapon 6 | . 5 6 7 3 3 3 3 5 6 6 8 8 8 Tool/Special . | . . . . . . . . . . . . . . Unused Backups 38 | . 2 2 11 1 5 1 5 . . . . . 11 Power 8 | . 1 1 1 1 1 . . . . . . . 3 Propulsion 1 | . . . . . 1 . . . . . . . . Utility 12 | . . . 1 . 3 1 2 . . . . . 5 Weapon 17 | . 1 1 9 . . . 3 . . . . . 3 Tool/Special . | . . . . . . . . . . . . . . Average Slot Usage (%) 95 | . 100 98 98 99 94 91 91 92 93 92 93 93 87 Engine 7 | . 14 11 7 6 1 . 1 6 6 6 6 6 9 Reactor 1 | . . . . . 4 6 5 . . . . . . Treads 19 | . 28 4 27 26 20 20 22 26 26 25 26 26 17 Leg 5 | . . 20 1 . . . . . . . . . . Device 11 | . 14 6 6 13 13 13 14 16 13 13 13 18 21 Storage 8 | . 14 12 6 6 6 6 7 6 6 6 6 6 5 Processor 1 | . . . . . . . . 2 6 6 6 6 5 Protection 9 | . . 5 15 13 13 13 14 13 13 13 13 7 5 Energy Gun 17 | . 28 28 18 15 20 14 7 6 6 7 6 6 2 Energy Cannon 1 | . . 3 1 3 . . . . . . . . 3 Ballistic Gun 4 | . . 4 9 6 6 6 6 6 6 . . . . Ballistic Cannon 4 | . . . . 5 5 6 7 6 6 10 13 13 9 Peak Build Rating 103 | 7 12 27 48 59 70 70 73 85 82 84 82 85 103 Average Rating 49 | 5 10 18 43 56 67 64 66 80 81 81 82 83 93 On Entrance 54 | . 7 11 27 46 58 70 66 68 77 82 82 82 85 Avg Prop Armor Cover (%) 7 | . . . 4 . . . . . . . . . 8 Naked Turns . | . . . . . . . . . . . . . . Heaviest Build 164 | 14 32 46 55 66 69 69 67 123 122 126 126 126 164 Greatest Support 156 | 40 40 40 80 88 118 118 118 146 154 156 156 156 156 Greatest Overweight (x) 36 | . . 2 2 . . 1 . . . 1 . . 36 Average Overweight (x) . | . . 1 . . . . . . . . . . . Largest Inventory Capacity 25 | 8 15 15 15 15 15 25 15 25 25 25 25 25 25 Average Capacity 17 | 7 12 15 14 15 15 15 15 24 25 25 25 25 25 Most Carried 25 | 5 15 15 15 15 15 15 15 25 25 25 22 25 25 Average Carried 16 | 2 11 13 14 14 14 13 14 21 24 22 22 22 23 Final Capacity 25 | 8 15 15 15 15 15 15 15 25 25 25 25 25 25 Final Carried 25 | 5 15 13 15 15 15 15 15 25 25 22 22 25 15 Class Distribution -------------------- 63% | Tank 24% | Mutant 11% | Gunner Dominant Class ---------------- Mutant | -10/Materials Mutant | -10/Subcaves Tank | -8/Materials Tank | -7/Factory Tank | -7/Waste Tank | -7/Factory Tank | -7/Garrison Tank | -6/Factory Tank | -6/Lower Caves Tank | -6/Lower Caves Tank | -6/Data Miner Tank | -5/Proximity Caves Tank | -5/Factory Resources | -11 -10 -10 -8 -7 -7 -7 -7 -6 -6 -6 -6 -5 -5 ----------- Run | Yrd Mat Sub Mat Fac Was Fac Gar Fac Low Low Dat Pro Fac Matter Collected 3195 | 241 129 393 675 122 159 55 441 . 67 333 . 204 376 Remotely . | . . . . . . . . . . . . . . Salvage Created 3674 | 13 321 622 1002 103 . . 460 43 . 311 . 21 778 Parts 198 | 4 30 36 56 1 . . 28 . . 5 . . 38 Haulers Intercepted . | . . . . . . . . . . . . . . Recyclers Shooed 1 | . . . . . . . . . . . . . 1 Parts Field Recycled . | . . . . . . . . . . . . . . Retrieved Matter . | . . . . . . . . . . . . . . Parts Self-Destructed 20 | . . 13 . . . . . . . 4 . 3 . Prevented 2 | . . 1 . . . . . . . 1 . . . Parts Restored . | . . . . . . . . . . . . . . Kills | -11 -10 -10 -8 -7 -7 -7 -7 -6 -6 -6 -6 -5 -5 ------- Run | Yrd Mat Sub Mat Fac Was Fac Gar Fac Low Low Dat Pro Fac Combat Hostiles Destroyed 92 | . 11 15 27 2 . . 11 1 . 6 . 2 17 Guns 58 | . 8 14 19 1 . . 7 1 . 4 . 1 3 Cannons 25 | . . 1 4 . . . 3 . . 2 . 1 14 AOE 6 | . 3 . 3 . . . . . . . . . . Classes Destroyed 14 | 1 4 2 1 . . . 3 . . . . . 3 Worker 3 | . . . . . . . . . . . . . 3 Builder 1 | . . . . . . . . . . . . . 1 Tunneler 2 | 1 . . 1 . . . . . . . . . . Operator 1 | . 1 . . . . . . . . . . . . Watcher 1 | . 1 . . . . . . . . . . . . Swarmer 24 | . 6 . 11 . . . 5 . . . . . 2 Grunt 31 | . 5 2 7 . . . 3 1 . 5 . 1 7 Brawler 3 | . . . 1 . . . 1 . . . . 1 . Sentry 12 | . . 1 8 2 . . . . . 1 . . . Specialist 1 | . . . . . . . 1 . . . . . . Hunter 2 | . . . . . . . . . . . . . 2 Programmer 7 | . . . . . . . 1 . . . . . 6 Subdweller 12 | . . 12 . . . . . . . . . . . Surgeon 1 | . . . . . . . 1 . . . . . . Best Kill Streak 11 | 1 3 2 5 1 . . 4 1 . 3 . 1 11 Combat Bots Only 5 | . 3 2 4 1 . . 4 1 . 3 . 1 5 Max Kills in Single Turn 3 | 1 2 1 3 1 . . 1 1 . 1 . 1 1 Gunslinging 1 | . 1 . 1 . . . . . . . . . . Exploded 3 | . 2 . 3 . . . . . . . . . . Melee . | . . . . . . . . . . . . . . Uniques/NPCs Destroyed . | . . . . . . . . . . . . . . Combat | -11 -10 -10 -8 -7 -7 -7 -7 -6 -6 -6 -6 -5 -5 -------- Run | Yrd Mat Sub Mat Fac Was Fac Gar Fac Low Low Dat Pro Fac Hostile Shots Fired 681 | . 34 65 122 51 . . 65 7 . 90 . 27 220 Missed 181 | . 10 21 43 23 . . 15 1 . 20 . 9 39 Hits 500 | . 24 44 79 28 . . 50 6 . 70 . 18 181 Melee 4 | . . . . . . . . . . . . 2 2 Projectile 496 | . 24 44 79 28 . . 50 6 . 70 . 16 179 AOE 3 | . . 2 . . . 1 . . . . . . . Critical Strikes 17 | . . 1 1 . . . 2 1 . 3 . . 9 Damage Taken 8870 | . 175 976 1075 194 . 159 786 204 . 1392 . 372 3537 Core 1521 | . 32 214 82 20 . . 32 . . 118 . 19 1004 Absorbed by Shields 373 | . 55 69 . . . . . . . . . 29 220 Ignored by Resistances 114 | . . . 58 . . . 14 . . . . . 42 Regen/Repaired (Parts) 861 | . . . 500 . 104 257 . . . . . . . Core Remaining (%) 72 | 100 . 1 85 . . . 92 . . . . 83 . Volleys Fired 266 | 1 19 59 44 7 . 1 41 3 3 23 . 14 51 Largest 5 | 2 2 4 4 5 . 5 4 3 1 3 . 3 3 Hottest 293 | 80 96 248 248 240 . 235 293 143 75 185 . 159 254 Shots Fired 715 | 2 35 121 165 35 . 5 104 7 3 69 . 40 129 Gun 500 | 2 33 116 156 21 . 4 67 5 3 48 . 12 33 Cannon 212 | . . 5 8 14 . 1 37 2 . 21 . 28 96 Launcher 3 | . 2 . 1 . . . . . . . . . . Special . | . . . . . . . . . . . . . . Kinetic 258 | . . 16 53 14 . 2 57 4 . 26 . 28 58 Thermal 399 | 1 16 99 111 21 . 3 40 3 3 23 . 12 67 Explosive 3 | . 2 . 1 . . . . . . . . . . Electromagnetic 55 | 1 17 6 . . . . 7 . . 20 . . 4 Robot Hit Streak 32 | 1 9 32 12 9 . 2 6 2 . 7 . 7 8 Robot Miss Streak 6 | . 3 2 3 2 . 1 4 1 . 6 . 5 5 Penetration Max 1 | . . . 1 1 . . 1 . . . . 1 . Secondary Targets 8 | . 1 2 4 . . . . . . 1 . . . Max Gunslinging Chain 1 | . 1 1 1 . . . . . . 1 . . . Shots Hit Robots 445 | 1 25 79 105 25 . 3 46 3 . 48 . 30 80 Core Hits 195 | 1 15 28 40 5 . . 17 2 . 22 . 13 52 Critical Kills 1 | . . . . . . . . . . . . 1 . Critical Parts Destroyed 4 | . . 1 . . . 1 1 . . . . 1 . Critical Strikes 21 | . 4 5 4 1 . 1 2 . . . . 2 2 Burn 11 | . 2 3 4 1 . . 1 . . . . . . Destroy 6 | . . 2 . . . 1 1 . . . . 2 . Blast 2 | . . . . . . . . . . . . . 2 Corrupt 2 | . 2 . . . . . . . . . . . . Melee Attacks . | . . . . . . . . . . . . . . Impact . | . . . . . . . . . . . . . . Slashing . | . . . . . . . . . . . . . . Piercing . | . . . . . . . . . . . . . . Sneak Attacks . | . . . . . . . . . . . . . . Combat Hostiles . | . . . . . . . . . . . . . . Follow-up Attacks . | . . . . . . . . . . . . . . Damage Inflicted 10407 | 12 554 1423 2141 544 . 51 1112 81 . 1008 . 706 2775 Guns 5927 | 12 365 1393 1743 276 . 32 828 40 . 643 . 198 397 Cannons 4088 | . . 30 195 268 . 19 284 41 . 365 . 508 2378 Explosions 392 | . 189 . 203 . . . . . . . . . . Melee . | . . . . . . . . . . . . . . Ramming . | . . . . . . . . . . . . . . Kinetic 4098 | . . 231 664 275 . 35 577 81 . 446 . 508 1281 Thermal 5291 | . 208 1123 1274 269 . 16 423 . . 398 . 198 1382 Explosive 392 | . 189 . 203 . . . . . . . . . . Electromagnetic 626 | 12 157 69 . . . . 112 . . 164 . . 112 Impact . | . . . . . . . . . . . . . . Slashing . | . . . . . . . . . . . . . . Piercing . | . . . . . . . . . . . . . . Highest Corruption 21 | . . . . . . 1 1 . . . . . 21 Average Corruption 3 | . . . . . . 1 1 . . . . . 8 Corruption Purged . | . . . . . . . . . . . . . . Corruption Blocked . | . . . . . . . . . . . . . . Effects 30 | . . . . . . 4 8 . . . . . 18 Message Errors 4 | . . . . . . 1 1 . . . . . 2 Matter Fused 8 | . . . . . . 2 1 . . . . . 5 Heat Flow Errors 8 | . . . . . . 1 2 . . . . . 5 Energy Discharges 2 | . . . . . . . 1 . . . . . 1 Data Loss (minor) 3 | . . . . . . . 1 . . . . . 2 Data Loss (major) 2 | . . . . . . . 1 . . . . . 1 Misfires 1 | . . . . . . . 1 . . . . . . Weapon Failures 2 | . . . . . . . . . . . . . 2 Overload Shots 5 | . . . . . . . 2 . . . . . 3 Effects 1 | . . . . . . . 1 . . . . . . Heat Surge 1 | . . . . . . . 1 . . . . . . Overflow Damage 151 | . . . 22 . . . 4 . . . . . 125 Projectiles 129 | . . . . . . . 4 . . . . . 125 Explosions 22 | . . . 22 . . . . . . . . . . Melee . | . . . . . . . . . . . . . . Knockbacks 37 | . . . . 1 . . 2 1 . 10 . 7 16 Impact . | . . . . . . . . . . . . . . Kinetic 35 | . . . . 1 . . 2 1 . 10 . 7 14 Secondary 2 | . . . . . . . . . . . . . 2 Self-Inflicted Damage . | . . . . . . . . . . . . . . Shots . | . . . . . . . . . . . . . . Rammed . | . . . . . . . . . . . . . . Targets Rammed . | . . . . . . . . . . . . . . Kicked . | . . . . . . . . . . . . . . Crushed . | . . . . . . . . . . . . . . Highest Temperature 765 | 18 204 518 628 465 . 165 631 90 117 510 . 378 765 Average Temperature 192 | 12 69 166 203 216 . 84 171 47 60 199 . 206 245 Received Heat Transfer 2575 | . 36 227 360 48 . . 252 54 . 648 . 129 821 Effects 55 | . . 3 22 2 . . 7 . . 2 . 3 16 Shutdowns 11 | . . 1 4 . . . 2 . . 1 . . 3 Energy Bleed 5 | . . . 1 . . . 1 . . 1 . . 2 Interference 17 | . . . 10 . . . . . . . . 3 4 Matter Decay 6 | . . 2 1 1 . . 1 . . . . . 1 Short Circuit 2 | . . . 2 . . . . . . . . . . Damage (minor) 8 | . . . 2 1 . . 3 . . . . . 2 Damage (major) 3 | . . . 2 . . . . . . . . . 1 Damage (core) 3 | . . . . . . . . . . . . . 3 Siege Activations . | . . . . . . . . . . . . . . Martial Activations . | . . . . . . . . . . . . . . Shielding Activations . | . . . . . . . . . . . . . . Robots Disrupted . | . . . . . . . . . . . . . . Combat Hostiles . | . . . . . . . . . . . . . . Robots Corrupted . | . . . . . . . . . . . . . . Combat Hostiles . | . . . . . . . . . . . . . . Parts Fried 1 | . 1 . . . . . . . . . . . . Impact Corruptions . | . . . . . . . . . . . . . . Robots Melted 3 | . . . 1 1 . . 1 . . . . . . Combat Hostiles 3 | . . . 1 1 . . 1 . . . . . . Parts Melted 24 | . 2 6 10 1 . . 2 . . . . . 3 Heat Transferred 10166 | . 592 2215 2923 629 . 37 753 . . 629 . 407 1981 Parts Sabotaged 5 | . . . . . . . . . . . . . 5 Parts Stolen . | . . . . . . . . . . . . . . Parts Stripped . | . . . . . . . . . . . . . . Power Chain Reactions . | . . . . . . . . . . . . . . Alert | -11 -10 -10 -8 -7 -7 -7 -7 -6 -6 -6 -6 -5 -5 ------- Run | Yrd Mat Sub Mat Fac Was Fac Gar Fac Low Low Dat Pro Fac Maximum Alert Level 2 | . . . 1 . . . 2 1 . . . . . Low Security (%) 79 | 100 100 . 72 100 100 100 17 26 . . . . 100 Level 1 15 | . . . 27 . . . 35 73 . . . . . Level 2 5 | . . . . . . . 46 . . . . . . Level 3 . | . . . . . . . . . . . . . . Level 4 . | . . . . . . . . . . . . . . Level 5 . | . . . . . . . . . . . . . . High Security . | . . . . . . . . . . . . . . Max Security . | . . . . . . . . . . . . . . Peak Influence 569 | 5 128 . 279 109 . 184 569 298 . . . . 196 Initial 298 | . . . . 109 . . 95 298 . . . . . Average 108 | . 49 . 124 26 . 44 374 229 . . . . 39 Influence Increases 2991 | 5 319 70 787 62 . 327 644 37 . 135 . 50 555 Destroy 0b10 Robot/C 1880 | . 220 60 540 40 . 120 380 20 . 120 . 40 340 Destroy 0b10 Robot/NC 40 | 5 10 . 5 . . . . . . . . . 20 Destroy Leader 302 | . 42 10 130 20 . 30 10 . . . . 10 50 Allied During Kill 233 | . . . . . . 150 83 . . . . . . Successful Hack 134 | . 21 . 12 . . 27 14 . . . . . 60 Disable Machine 120 | . . . 60 . . . 45 15 . . . . . Destroy Structure 102 | . 11 . 10 2 . . 37 2 . . . . 40 Lose Combat Pursuer 180 | . 15 . 30 . . . 75 . . 15 . . 45 Influence Decreases 2820 | 5 303 86 546 303 . 190 212 471 135 135 . 50 384 Entered New Map 504 | . . 8 . 132 . . 42 271 51 . . . . Time Decay 1851 | 5 303 64 546 171 . 140 . 190 84 100 . 40 208 Lost Part 275 | . . 14 . . . 10 20 10 . 35 . 10 176 Lost Ally 190 | . . . . . . 40 150 . . . . . . Squads Dispatched 11 | . 2 . . 1 . 5 . . . 1 . . 2 Investigation 3 | . 1 . . . . 1 . . . . . . 1 Extermination 3 | . . . . 1 . 1 . . . . . . 1 Reinforcement 1 | . 1 . . . . . . . . . . . . Assault 1 | . . . . . . . . . . 1 . . . Garrison 3 | . . . . . . 3 . . . . . . . Intercept . | . . . . . . . . . . . . . . Searches Triggered . | . . . . . . . . . . . . . . Data Miner Redirects 1 | . . . . . . . . . . . . . 1 Construction Impeded . | . . . . . . . . . . . . . . Haulers Reinforced . | . . . . . . . . . . . . . . Active Scanning Responses . | . . . . . . . . . . . . . . Cargo Convoy Interrupts 1 | . . . . . . . . . . . . . 1 Stealth | -11 -10 -10 -8 -7 -7 -7 -7 -6 -6 -6 -6 -5 -5 --------- Run | Yrd Mat Sub Mat Fac Was Fac Gar Fac Low Low Dat Pro Fac Distress Signals 2 | . . . 2 . . . . . . . . . . Communications Jammed 18 | . . . . . . . . . . . . . 18 Distress Signals 18 | . . . . . . . . . . . . . 18 Times Spotted 155 | . 22 16 40 2 . 2 22 5 . 8 . 3 35 Peak Tracking Total 12 | . 4 2 6 1 . 2 7 4 . 7 . 3 12 Tactical Retreats 11 | . 1 . 2 . . . 5 . . 1 . . 2 Traps | -11 -10 -10 -8 -7 -7 -7 -7 -6 -6 -6 -6 -5 -5 ------- Run | Yrd Mat Sub Mat Fac Was Fac Gar Fac Low Low Dat Pro Fac Traps Triggered 11 | . 1 . 5 1 . 1 2 1 . . . . . Indirectly . | . . . . . . . . . . . . . . Trap Hack Attempts . | . . . . . . . . . . . . . . Triggered . | . . . . . . . . . . . . . . Disarmed . | . . . . . . . . . . . . . . Reprogrammed 8 | . 8 . . . . . . . . . . . . Reused 1 | . . 1 . . . . . . . . . . . Traps Extracted . | . . . . . . . . . . . . . . Installed 1 | . . 1 . . . . . . . . . . . Triggered . | . . . . . . . . . . . . . . Most Traps Carried 2 | . . 2 1 1 1 . . . . . . . . Machines | -11 -10 -10 -8 -7 -7 -7 -7 -6 -6 -6 -6 -5 -5 ---------- Run | Yrd Mat Sub Mat Fac Was Fac Gar Fac Low Low Dat Pro Fac Machines Disabled 9 | . . 1 4 . . . 3 1 . . . . . Max in Single Turn 1 | . . 1 1 . . . 1 1 . . . . . Machines Repaired . | . . . . . . . . . . . . . . Machines Dismantled . | . . . . . . . . . . . . . . Machines Sabotaged . | . . . . . . . . . . . . . . Overloaded Fab Kills . | . . . . . . . . . . . . . . Hacking | -11 -10 -10 -8 -7 -7 -7 -7 -6 -6 -6 -6 -5 -5 --------- Run | Yrd Mat Sub Mat Fac Was Fac Gar Fac Low Low Dat Pro Fac Machines Accessed 39 | . 7 1 12 1 . 6 1 . 1 . 4 1 5 Terminals 20 | . 6 . 8 . . 2 1 . 1 . . 1 1 Fabricators . | . . . . . . . . . . . . . . Repair Stations 8 | . . . 2 1 . 3 . . . . . . 2 Recycling Units 2 | . 1 . . . . . . . . . . . 1 Scanalyzers 3 | . . . 2 . . . . . . . . . 1 Garrison Access 1 | . . . . . . 1 . . . . . . . Total Hacks 106 | . 17 1 30 2 . 16 1 . 1 . 28 1 9 Successful 72 | . 12 1 16 . . 8 1 . 1 . 28 1 4 Failed 34 | . 5 . 14 2 . 8 . . . . . . 5 Catastrophic 5 | . . . 1 . . 2 . . . . . . 2 Database Lockouts . | . . . . . . . . . . . . . . Manual 19 | . 6 . 6 . . 5 . . 1 . . . 1 Terminals 46 | . 16 . 20 . . 6 1 . 1 . . 1 1 Fabricators . | . . . . . . . . . . . . . . Repair Stations 21 | . . . 5 2 . 9 . . . . . . 5 Recycling Units 2 | . 1 . . . . . . . . . . . 1 Scanalyzers 7 | . . . 5 . . . . . . . . . 2 Garrison Access 1 | . . . . . . 1 . . . . . . . Terminal Hacks 47 | . 10 1 4 . . 1 1 . 1 . 28 1 . Record 13 | . . . . . . . . . 1 . 11 1 . Part Schematic 10 | . . . . . . . . . . . 10 . . Robot Schematic 4 | . . . . . . . . . . . 4 . . Robot Analysis 1 | . 1 . . . . . . . . . . . . Prototype ID Bank 6 | . . . 3 . . . . . . . 3 . . Locate Traps 5 | . 4 . . . . 1 . . . . . . . Reprogram Traps 2 | . 2 . . . . . . . . . . . . Dispatch Records 1 | . 1 . . . . . . . . . . . . Recall Investigation 1 | . 1 . . . . . . . . . . . . Zone Layout 2 | . 1 . 1 . . . . . . . . . . Garrison Registry 1 | . . . . . . . 1 . . . . . . Proto ID Catalog 1 | . . 1 . . . . . . . . . . . Fabricator Hacks . | . . . . . . . . . . . . . . Repair Station Hacks 11 | . . . 4 . . 5 . . . . . . 2 Scan Component 7 | . . . 2 . . 3 . . . . . . 2 Repair 4 | . . . 2 . . 2 . . . . . . . Recycling Unit Hacks . | . . . . . . . . . . . . . . Scanalyzer 7 | . . . 5 . . . . . . . . . 2 Insert Component 1 | . . . 1 . . . . . . . . . . Analyze 1 | . . . 1 . . . . . . . . . . Retrieve Study 5 | . . . 3 . . . . . . . . . 2 Garrison Access Hacks 1 | . . . . . . 1 . . . . . . . Unlock Access 1 | . . . . . . 1 . . . . . . . Unauthorized Hacks 6 | . 2 . 3 . . 1 . . . . . . . Terminals 5 | . 1 . 3 . . 1 . . . . . . . Botnet 5 | . 1 . 3 . . 1 . . . . . . . Fabricators . | . . . . . . . . . . . . . . Repair Stations . | . . . . . . . . . . . . . . Recycling Units 1 | . 1 . . . . . . . . . . . . Monitor 1 | . 1 . . . . . . . . . . . . Scanalyzers . | . . . . . . . . . . . . . . Garrison Access . | . . . . . . . . . . . . . . Data Cores Recovered 1 | . 1 . . . . . . . . . . . . Used . | . . . . . . . . . . . . . . Hacking Detections 25 | . 5 . 9 1 . 4 . . . . . 1 5 Full Trace Events 2 | . . . . . . 1 . . . . . . 1 Feedback Events . | . . . . . . . . . . . . . . Feedback Blocked . | . . . . . . . . . . . . . . Robot Schematics Acquired 4 | . . . . . . . . . . . 4 . . Robots Built . | . . . . . . . . . . . . . . Authchips . | . . . . . . . . . . . . . . Time . | . . . . . . . . . . . . . . Total Robot Build Rating . | . . . . . . . . . . . . . . Part Schematics Acquired 11 | . . . 1 . . . . . . . 10 . . Parts Built . | . . . . . . . . . . . . . . Authchips . | . . . . . . . . . . . . . . Time . | . . . . . . . . . . . . . . Total Part Build Rating . | . . . . . . . . . . . . . . Part Studies Acquired 4 | . . . 2 . . . . . . . . . 2 Parts Repaired 4 | . . . 2 . . 2 . . . . . . . Time 215 | . . . 79 . . 136 . . . . . . . Parts Recycled . | . . . . . . . . . . . . . . Recycled Matter . | . . . . . . . . . . . . . . Retrieved Matter . | . . . . . . . . . . . . . . Retrieved Components . | . . . . . . . . . . . . . . Parts Scanalyzed 1 | . . . 1 . . . . . . . . . . Part Schematics Acquired 1 | . . . 1 . . . . . . . . . . Parts Damaged . | . . . . . . . . . . . . . . Bothacking | -11 -10 -10 -8 -7 -7 -7 -7 -6 -6 -6 -6 -5 -5 ------------ Run | Yrd Mat Sub Mat Fac Was Fac Gar Fac Low Low Dat Pro Fac Used RIF Installer 1 | . . . . . . . 1 . . . . . . Robots Hacked . | . . . . . . . . . . . . . . Non-combat . | . . . . . . . . . . . . . . Combat . | . . . . . . . . . . . . . . Robot Hacks Applied . | . . . . . . . . . . . . . . Relay Couplers Released . | . . . . . . . . . . . . . . Fabnet Peak Effective % . | . . . . . . . . . . . . . . Robots Rewired . | . . . . . . . . . . . . . . Allies Hacked . | . . . . . . . . . . . . . . Hacks Repelled . | . . . . . . . . . . . . . . Allies | -11 -10 -10 -8 -7 -7 -7 -7 -6 -6 -6 -6 -5 -5 -------- Run | Yrd Mat Sub Mat Fac Was Fac Gar Fac Low Low Dat Pro Fac Total Allies 20 | . . . . . 20 . . . . . . . . Largest Group 20 | . . . . . 20 20 10 . . . . . . Highest-Rated Group 544 | . . . . . 544 544 302 . . . . . . Highest-Rated Ally 31 | . . . . . 31 31 31 . . . . . . Total Orders . | . . . . . . . . . . . . . . Ally Attacks 109 | . . . . . . 57 52 . . . . . . Total Damage 1620 | . . . . . . 787 833 . . . . . . Kills 14 | . . . . . . 6 8 . . . . . . Allies Corrupted . | . . . . . . . . . . . . . . Allies Melted 2 | . . . . . . 1 1 . . . . . . Intel | -11 -10 -10 -8 -7 -7 -7 -7 -6 -6 -6 -6 -5 -5 ------- Run | Yrd Mat Sub Mat Fac Was Fac Gar Fac Low Low Dat Pro Fac Active Infowar (turns) 8811 | 20 947 1301 1214 508 487 668 803 380 324 514 140 759 746 Sensors 2296 | . . . . . . . . 164 324 514 140 759 395 Seismic 6127 | 20 947 1301 1214 508 487 668 767 215 . . . . . Jamming 928 | . . . . . . . 36 147 . . . . 745 Robot Analysis Total 1 | . 1 . . . . . . . . . . . . Derelict Logs Recovered 4 | . . 1 . . . . . . . 2 . 1 . Drone Launches . | . . . . . . . . . . . . . . Drone Recoveries . | . . . . . . . . . . . . . . Exploration | -11 -10 -10 -8 -7 -7 -7 -7 -6 -6 -6 -6 -5 -5 ------------- Run | Yrd Mat Sub Mat Fac Was Fac Gar Fac Low Low Dat Pro Fac Turns Passed 11939 | 110 1311 2773 1960 644 487 668 841 380 324 629 140 816 856 Spaces Moved 5903 | 60 748 1190 960 356 251 321 397 214 198 342 88 466 312 Core 5 | 3 . . . . . . . . . . . . 2 Treads 4867 | 57 748 218 906 356 251 321 397 214 198 342 88 466 305 Legs 1026 | . . 972 54 . . . . . . . . . . Wheels . | . . . . . . . . . . . . . . Hover 5 | . . . . . . . . . . . . . 5 Flight . | . . . . . . . . . . . . . . Fastest Speed 50 | 50 160 160 166 167 163 163 163 160 160 160 160 160 160 Average Speed 176 | 154 160 212 168 167 163 164 163 161 160 161 160 160 215 Slowest Speed 1850 | 160 160 260 330 167 167 225 163 162 160 240 160 160 1850 Overloaded Moves . | . . . . . . . . . . . . . . Propulsion Burnouts . | . . . . . . . . . . . . . . Robots Hopped . | . . . . . . . . . . . . . . Potential Cave-ins . | . . . . . . . . . . . . . . Cave-ins Triggered . | . . . . . . . . . . . . . . Exploration Rate (%) 47 | 6 100 73 82 8 95 12 50 5 34 54 75 66 10 Regions Visited 13 Branch Regions 5 Pre-discovered Areas 2 | . . . . . . . . . . . 1 1 . Known Exits Taken 6 | . . . . . . 1 . 1 1 1 1 1 . Unknown Exits Taken 4 | 1 1 1 1 . . . . . . . . . . Scrap Searched 16 | . . 10 . . . . . . 1 2 . 3 . Spaces Dug 4 | . . . . . . . . . . . . . 4 Terrain Destroyed 61 | . 11 . 6 1 . . 7 2 . 7 . 7 20 Melee . | . . . . . . . . . . . . . . Projectile 44 | . . . . 1 . . 7 2 . 7 . 7 20 AOE 17 | . 11 . 6 . . . . . . . . . . Terrain Rammed . | . . . . . . . . . . . . . . Walls Destroyed . | . . . . . . . . . . . . . . Machines Disabled . | . . . . . . . . . . . . . . Actions | -11 -10 -10 -8 -7 -7 -7 -7 -6 -6 -6 -6 -5 -5 --------- Run | Yrd Mat Sub Mat Fac Was Fac Gar Fac Low Low Dat Pro Fac Total 7002 | 72 826 1324 1201 391 332 458 534 243 203 382 87 516 433 Wait 483 | . 33 27 87 5 62 124 66 7 . 5 . 30 37 Move 5892 | 59 747 1189 959 356 250 321 396 213 197 341 87 465 312 Hop . | . . . . . . . . . . . . . . Pick Up 110 | 5 13 13 35 5 4 4 7 12 1 2 . 4 5 Fast Attach 34 | 7 . 1 15 . 3 1 2 . . . . . 5 Attach 38 | . . 10 4 2 . . 1 3 1 4 . 1 12 Detach 2 | . . . 1 . . . . 1 . . . . . Swap 94 | . 9 14 24 10 1 4 12 4 1 7 . 2 6 Drop 82 | . 5 10 32 6 12 3 9 . . . . . 5 Fire 266 | 1 19 59 44 7 . 1 41 3 3 23 . 14 51 Melee . | . . . . . . . . . . . . . . Ram . | . . . . . . . . . . . . . . Kick . | . . . . . . . . . . . . . . Crush . | . . . . . . . . . . . . . . Escape Stasis . | . . . . . . . . . . . . . . Rewire . | . . . . . . . . . . . . . . Trap 1 | . . 1 . . . . . . . . . . . Miscellaneous . | . . . . . . . . . . . . . . Route ------- -11/Scrapyard -10/Materials (discovered 6 exits: [*Mat x3] / [*Min x2] / *Sub) -10/Subcaves -8/Materials (discovered 2 exits: *Fac x2) -7/Factory -7/Waste -7/Factory -7/Garrison (discovered 3 exits: [*Fac x3]) -6/Factory (discovered 2 exits: *Fac / *Low) -6/Lower Caves -6/Lower Caves -6/Data Miner -5/Proximity Caves -5/Factory History --------- Turn | Location | Event 9 | -11/Scrapyard | Discovered new exit (range 16) 111 | -11/Scrapyard | Entered Materials 111 | -10/Materials | Discovered new exit (range 15) 308 | -10/Materials | Build established: Mutant 309 | -10/Materials | Discovered new exit (range 7) 321 | -10/Materials | Discovered new exit (range 10) 497 | -10/Materials | Discovered new exit (range 6) 688 | -10/Materials | Discovered new exit (range 14) 1129 | -10/Materials | Discovered new exit (range 16) 1422 | -10/Materials | Entered Subcaves 1521 | -10/Subcaves | Shifting Twisted Machinery released Sub. Machine Gun 1521 | -10/Subcaves | Shifting Twisted Machinery released Battle Rifle 1858 | -10/Subcaves | Shifting Twisted Machinery released Sub. Machine Gun 1893 | -10/Subcaves | Shifting Twisted Machinery released Sub. Power Source 2412 | -10/Subcaves | Core integrity fell below 50% 2429 | -10/Subcaves | Core integrity fell below 20% 2608 | -10/Subcaves | Visited 4L-MR0's lab 2632 | -10/Subcaves | Found Gun Armor 2845 | -10/Subcaves | Attached Gun Armor, gained temporary slots: Weapon x2 3149 | -10/Subcaves | Build established: Gunner 3157 | -10/Subcaves | Learned Materials emergency access door positions 3386 | -10/Subcaves | Disturbed a concealed Subdweller 4045 | -10/Subcaves | Shifting Twisted Machinery released Sub. Monowheel 4159 | -10/Subcaves | Discovered new exit (range 15) 4195 | -10/Subcaves | Entered Materials 4195 | -8/Materials | Evolved 4 slots: Propulsion x2, Utility x2 4508 | -8/Materials | Build established: Tank 4740 | -8/Materials | Repaired Broken Arm. Treads+? 5734 | -8/Materials | Discovered new exit (range 15) 5968 | -8/Materials | Repaired Lrg. Storage Unit 6065 | -8/Materials | Discovered new exit (range 8) 6155 | -8/Materials | Entered Factory 6155 | -7/Factory | Evolved 2 slots: Utility x1, Weapon x1 6799 | -7/Factory | Sucked down chute 6799 | -7/Factory | Entered Waste 6800 | -7/Waste | Joined by Warlord forces that had cleared the area 6886 | -7/Waste | Found Damper Plating 7226 | -7/Waste | Discovered new exit (range 10) 7286 | -7/Waste | Entered Factory 7286 | -7/Factory | Accompanied by 20 allies 7408 | -7/Factory | Lost 3 allies 7674 | -7/Factory | Repaired F-cell Engine 7754 | -7/Factory | Garrison activated, responded to threat 7780 | -7/Factory | Repaired Hvy. Treads 7951 | -7/Factory | Identified exit to Garrison 7954 | -7/Factory | Entered Garrison 7954 | -7/Garrison | Accompanied by 10 allies 8034 | -7/Garrison | Triggered checkpoint 8107 | -7/Garrison | Lost 5 allies 8151 | -7/Garrison | H-XX Assembler disabled 8159 | -7/Garrison | P-60 Hacker assimilated allied S1-6LJ(g) 8392 | -7/Garrison | Triggered checkpoint 8394 | -7/Garrison | Triggered checkpoint 8447 | -7/Garrison | Discovered new exit (range 41) 8447 | -7/Garrison | Discovered new exit (range 48) 8447 | -7/Garrison | Discovered new exit (range 56) 8618 | -7/Garrison | Triggered checkpoint 8767 | -7/Garrison | Installed Relay Interface Framework 8795 | -7/Garrison | Entered Factory 8795 | -6/Factory | Evolved 2 slots: Propulsion x1, Utility x1 8920 | -6/Factory | Discovered new exit (range 10) 9062 | -6/Factory | Discovered new exit (range 5) 9174 | -6/Factory | Identified exit to Lower Caves 9175 | -6/Factory | Entered Lower Caves 9467 | -6/Lower Caves | Discovered new exit (range 15) 9487 | -6/Lower Caves | Identified exit to Lower Caves 9499 | -6/Lower Caves | Entered another Lower Caves area 9567 | -6/Lower Caves | Attracted the attention of an 0b10 outpost 9677 | -6/Lower Caves | Lost 3 parts (2n1u) 9971 | -6/Lower Caves | Learned Factory garrison access intel 10006 | -6/Lower Caves | Identified exit to Data Miner 10128 | -6/Lower Caves | Entered Data Miner 10128 | -6/Data Miner | Discovered new exit (range 6) 10159 | -6/Data Miner | Met Data Miner 10205 | -6/Data Miner | Learned location of Section 7 (-2) 10205 | -6/Data Miner | Acquired the access code to Warlord's prototype stash 10232 | -6/Data Miner | Received God Mode back door access code from Data Miner 10266 | -6/Data Miner | Identified exit to Proximity Caves 10268 | -6/Data Miner | Entered Proximity Caves 10990 | -5/Proximity Caves | Discovered new exit (range 6) 11083 | -5/Proximity Caves | Identified exit to Factory 11084 | -5/Proximity Caves | Entered Factory 11084 | -5/Factory | Evolved 2 slots: Power x1, Utility x1 11085 | -5/Factory | Loaded intel: 4 garrison access locations 11717 | -5/Factory | Incoming investigation squad redirected 11753 | -5/Factory | System corruption reached 10% 11789 | -5/Factory | Lost 6 parts (1p3n2u) 11885 | -5/Factory | Core integrity fell below 50% 11895 | -5/Factory | Core integrity fell below 20% 11936 | -5/Factory | Cargo convoy interrupted 11940 | -5/Factory | Destroyed by X-77 Beamer with Gatling Laser Last Messages --------------- 11935_ E-15 Imp unfolds itself. 11936_ ALERT: Cargo convoy interrupted, initiating access lockdown. [Achievement: Jackpot] 11936_ C-45 Heavy ARC bursts open, deploying its payload. 11936_ H-66 Slayer unfolds itself. 11936_ X-77 Beamer unfolds itself. 11936_ H-66 Slayer unfolds itself. 11937_ Slug penetrates Wall. 11937_ Slug penetrates Construction Platform. 11938_ R-10 Processor collects Carbon-fiber Leg. 11939_ Angular Momentum Engine blown off. 11939_ Variable Charge Gun+ blown off. 11939_ E-15 Imp destroyed. 11940_ K-01 Serf collects debris. 11940_ Adv. Weapon Cycler blown off. 11940_ Coil Gun blown off. 11940_ Wheel blown off. 11940_ E-15 Imp destroyed. Map ----- +----------------------------------------------------+ | ?????????????????????????????????????????????????? | | ?????????????????????????????????????????????????? | | ?????????????????????????????????????????????????? | | ?????????????????????????????????????????????????? | | ?????????????????????????????????????????????????? | | ?????????????????????????????????????????????????? | | ?????????????????????????? ?????????????????????? | | ?????????????????????????? ?????????????????????? | | ?????????????????????????? ?????????????????????? | | ?????????????????????????? ?????????????????????? | | ?????????????????????????? ?????????????????????? | | ?????????????????????????? #?????????????????????? | | ?????????????????????????# #?????????????????????? | | ?????????????????????????# #?????????????????????? | | ??????????????????##?????#k#?????????????????????? | | ??????????????????#"##???#x#?????????????????????? | | ???????????????????# ?##%#?????????????????????? | | ???????????????????# ##p#?????????????????????? | | ???????????????????# ##h############ #????????? | | ???????????????????# + p!%= # #??????? | | ??????????????????????? #/h !%% % #????????? | | ????????????????????????#h% %=!%% ????? | | ?????????????????########/####### #?????? | | ?????????????????# ! !=%%x![![[# #?????? | | ?????????????????# R" *%=k*|# #?????? | | ?????????????????# %/"@%"""%!# ??? ##???????? | | ##???????????????# " ""[%""""""!# #????????? | | # ??????????????# "R""u"""""""%# #????????? | | # ??????????????# """ [= [*%=# #????????? | | # ??????????????#########+##+### #????????? | | # #?????????????????????# #????????? | | # #?##################### ??????? | | # #?# + ??????? | | # #?# ######## ??????? | | # #?# """ """ ] #??????# ??????? | | ## ### """ """ #??????# ???????? | | # """ """ #??????######## ???????? | | # #?????????????? ????????? | | + """ """ #??????????????? ????????? | | # """ """ #???????????????? ????????? | | # """ """ #????????????????? ?????????? | | # #?????????????????? ??????????? | | # #??????????????????????????????? | | # #??????????????????????????????? | | ##############??????????????????????????????? | | #???????????????????????????????????????????? | | #???????????????????????????????????????????? | | #???????????????????????????????????????????? | | #???????????????????????????????????????????? | | #???????????????????????????????????????????? | +----------------------------------------------------+ Best States ------------- Heat Dissipation 62 Energy Generation 35 Energy Capacity 725 Matter Stores 300 Matter Capacity 300 Sight Range 16 Robot Scan Range 15 Terrain Scan Density 10 Jamming Range 16 Armor Coverage 360 Resistance: KI 30 Resistance: TH 10 Weapon Cycling 25 Evasion (%) 40 Target Analysis 6 Recoil Reduction 5 Item Schematics ----------------- Hardlight Generator | -8/Materials | Scanalyzed Combat Drone Bay | -6/Data Miner | Free Lgt. Regenerative Plating | -6/Data Miner | Free Enh. Armored Leg | -6/Data Miner | Free Prc. Matter Filter | -6/Data Miner | Free Hvy. Proton Missile Launcher | -6/Data Miner | Free Adv. Medium Treads | -6/Data Miner | Free Imp. Phase Shifter | -6/Data Miner | Free Hvy. Disruptor Cannon | -6/Data Miner | Free Mass Driver | -6/Data Miner | Free Dispersion Rifle | -6/Data Miner | Free Robot Schematics ------------------ A-15 Conveyor | -6/Data Miner | Free S-27 Virus | -6/Data Miner | Free P-60 Hacker | -6/Data Miner | Free H-77 Assassin | -6/Data Miner | Free Fabricated ------------ Nothing Repaired ---------- Arm. Treads | 28% | -8/Materials | Broken Lrg. Storage Unit | 18% | -8/Materials F-cell Engine | 49% | -7/Factory Hvy. Treads | 63% | -7/Factory Studied --------- Arm. Treads | -8/Materials | Hacked Ion Cannon | -8/Materials | Hacked Variable Charge Gun | -5/Factory | Hacked Fusion Compressor | -5/Factory | Hacked Alien Tech Used ----------------- None Achievements -------------- A Problem For Future Me Bumper Bots Deductive Reasoning GoHome() Hydra I Have A Map? Item+ Jackpot Join The Dark Side Mistaken Identity There's More Where That Came From Well Done Challenges ------------ None Game ------ Seed CatalystHeatBiocell Manual? 0 Play Time 02:40:33 Cumulative 137.8 hours Start 2025.12.13 @ 10:43:19 End 2026.01.15 @ 11:55:37 Sessions 5 Manual Loads 0 Difficulty Rogue Special Mode None Game No. 85 Rogue 85 Adventurer 0 Explorer 0 Win Type - Total 0 Types 0/0/0/0/0/0/0/0/0/0 Lore% 53 Gallery% 44 Achievement% 22 Wizard Run 0 Options --------- Layout 1 ASCII 0 Keyboard 0 Movement Numpad Keybinds 0 Fullscreen 1 Font 32/SmallcapsGlow Map View 50x35 Zoom Use 0% Tactical HUD 1 Map Filters NONE Filters NONE Steam 1 RUN: 8dbee405-3d80-4074-833b-ad4515331356